 Dungeon Crawl Stone Soup version 0.31.0 (webtiles) character file.

Game seed: 1533746804147004142

29 Esekla the Sneak (level 3, 26/26 HPs)
             Began as an Octopode Delver on Jan 19, 2024.
             Quit the game on level 5 of the Dungeon.
             The game lasted 00:01:25 (156 turns).

Esekla the Sneak (Octopode Delver)                   Turns: 156, Time: 00:01:26

Health: 26/26      AC:  1    Str: 11    XL:     3   Next: 16%
Magic:  3/3        EV: 13    Int: 14    God:
Gold:   35         SH:  0    Dex: 13    Spells: 3/3 levels left

rFire   . . .        a - +0 falchion
rCold   . . .        (no shield)
rNeg    . . .        (helmet restricted)
rPois   .            (no amulet)
rElec   .            (no ring)
rCorr   .            (no ring)
SInv    .            (no ring)
Will    .....        (no ring)
Stlth   ++++         (no ring)
HPRegen 0.24/turn    (no ring)
MPRegen 0.08/turn    (no ring)
                     (no ring)

%: no passive effects
@: no status effects
A: almost no armour, amphibious, 8 rings, camouflage 1, gelatinous body 1,
(nimble swimmer 1), tentacles
a: no special abilities


You were on level 5 of the Dungeon.
You visited 1 branch of the dungeon, and saw 1 of its levels.

You collected 35 gold pieces.

Inventory:

Hand Weapons
 a - a +0 falchion (weapon)
Missiles
 g - 3 javelins (quivered)
Wands
 f - a wand of digging (3)
Scrolls
 b - a scroll of fog
 c - a scroll of teleportation {unknown}
 d - 2 scrolls of fear
 h - a scroll of brand weapon {unknown}
Potions
 e - a potion of haste


   Skills:
 * Level 3.2 Fighting
 * Level 2.2 Long Blades
 * Level 2.2 Dodging
 + Level 7.2 Stealth
 * Level 0.6 Spellcasting


You had 3 spell levels left.
You didn't know any spells.
Your spell library was empty.

Dungeon Overview and Level Annotations

Branches:
Dungeon (5/15)
 Temple: D:4-7

Altars:
Ashenzari
Trog
Wu Jian
Zin


Innate Abilities, Weirdness & Mutations

You cannot wear most types of armour.
You are amphibious.
You can wear up to eight rings at the same time.
Your skin changes colour to match your surroundings (Stealth+).
Your rubbery body absorbs attacks. (AC +1, EV +1)
((You are camouflaged when in or above water. (Stealth+)))
You have tentacles for arms and can constrict up to eight enemies at once.


Message History

The hound is lightly wounded.
You constrict the hound, but do no damage.
The hound bites you but does no damage.
You slash the hound! You squeeze the hound.
The hound is almost dead.
You constrict the hound, but do no damage.
The hound closely misses you. The hound barely misses you.
You slash the hound!
You kill the hound!
Your Stealth skill increases to level 7!
You have reached level 2!
You have reached level 3!
Your experience leads to an increase in your attributes!
Increase (S)trength, (I)ntelligence, or (D)exterity?
You feel clever. x2
c - a scroll labelled MYAQAUMING
Found a scroll labelled SUWITU KADDA.
Found 12 gold pieces.
Found a stone staircase leading up.
h - a scroll labelled SUWITU KADDA You now have 23 gold pieces (gained 12).
Found a stone staircase leading down.
Found a stone staircase leading up.
You open the gate.
There is an open gate here.
You open the gate.
Found an ornate altar of the Wu Jian Council.
You open the gate.
Found 12 gold pieces.
Found a broken altar of Ashenzari.
There is an open gate here.
You now have 35 gold pieces (gained 12).
There is an open gate here.
There is an open gate here.
An ogre comes into view. It is wielding a +0 giant spiked club.
An iguana comes into view.
The ogre shouts!
The iguana hisses angrily.
Found an escape hatch in the ceiling.
Found a dagger.
Found a bloodstained altar of Trog.
Are you sure you want to abandon this character and quit the game? (Confirm with "yes".)

##############
*******#######............##
*,,,,,,............Ol.......
**,******######l##########.##
*,,* #O# *#######.## *,** #.#
*...<...... *,* #.# *.######.#.
*,* #####.# *,*<,..#O#.
***,******* #.@...# *,#,,#.#l#,
*,,,**,,,,**#._...#**,#.,#.#.#,
*>,,,,,,,,+...........#..#.#.#,
******,,,,####..####.##......##
********,,,,*
##.#,,............
*,,,,,,,,,,,***
#.#,,.........###
*,,,,,,,,,,,,,*
#.#**#..#.O...###
*,,,,,,,,,,,,,*
#.#,,............
,,,,,,,,,,,,,,*
*,*,*#...PPPP..♣♣


There were no monsters in sight!

Vanquished Creatures
  A hound (D:5)
1 creature vanquished.

Notes
Turn   | Place    | Note
-------+----------+-------------------------------------------
     0 | D:5      | Esekla the Octopode Delver began the quest for the Orb.
     0 | D:5      | Reached XP level 1. HP: 16/16 MP: 1/1
    13 | D:5      | Found a glowing silver altar of Zin.
    31 | D:5      | Noticed a hound
    39 | D:5      | Killed a hound
    40 | D:5      | Reached skill level 7 in Stealth
    40 | D:5      | Reached XP level 2. HP: 15/21 MP: 2/2
    40 | D:5      | Reached XP level 3. HP: 19/26 MP: 3/3
    86 | D:5      | Found an ornate altar of the Wu Jian Council.
    91 | D:5      | Found a broken altar of Ashenzari.
   126 | D:5      | Noticed an ogre
   151 | D:5      | Found a bloodstained altar of Trog.
   156 | D:5      | Quit the game

Illustrated notes

Levels and vault maps discovered:
D:5:      layout_basic, mainiacjoe_overflow_boulevard, bloody_trog,
          mainiacjoe_overflow_big_doors, minmay_joined_circles, uniq_pikel

Skill      XL: |  1 |
---------------+----+-----
Stealth        | 7 |  7.2
Fighting       | |  3.2
Long Blades    | |  2.2
Dodging        | |  2.2
Spellcasting   | |  0.6

Action                     || total
---------------------------++-------
  Melee: Falchion          ||     4
         Constrict         ||     1
         Tentacles         ||     1
    Use: Scroll            ||     1
 Armour: Skin              ||     2
  Dodge: Dodged            ||     3
